Map: Nightshade LE

Players

Kittle

  • Race: Terran Terran
  • Spawn Location: 5:00

ViBE - Winner!

  • Race: Zerg Zerg
  • League: Silver
  • Spawn Location: 11:00

VOD

Have the link to the VOD?

Description

Time

  • Played on: Dec. 6, 2019, 5:27 p.m.
  • Length: 13:40
Show
View Real Time Build Order
Export as new Build Order

Kittle Terran 

Build Orders:  

Get SALT Encoding   

  12  0:01  SCV  
  13  0:13  SCV  
  14  0:25  SCV  
  15  0:42  Supply Depot  
  15  0:48  Refinery  
  15  0:49  Supply Depot  
  15  0:50  Refinery  
  15  1:04  SCV  
  15  1:05  Barracks  
  16  1:16  SCV  
  17  1:27  Engineering Bay  
  17  1:28  SCV  
  18  1:40  SCV  
  19  1:52  SCV  
  20  1:56  Barracks Reactor  
  20  1:58  Factory  
  20  2:05  SCV  
  21  2:14  Supply Depot  
  21  2:21  Orbital Command  
  21  2:24  Terran Infantry Weapons Level 1  
  21  2:32  Marine x2  
  23  2:42  Factory Tech Lab  
  23  2:49  Marine  
  23  2:50  Marine  
  25  3:15  Marine x2  
  25  3:18  SCV, Command Center  
  28  3:24  Cyclone  
  31  3:37  Armory, SCV  
  32  3:42  Marine  
  32  3:43  Marine  
  34  3:58  SCV  
  34  4:00  Marine x2  
  37  4:18  Marine x2  
  37  4:22  Cyclone  
  42  4:24  Supply Depot  
  42  4:28  SCV  
  43  4:35  Marine  
  43  4:36  Marine  
  45  4:40  Terran Vehicle Weapons Level 1  
  45  4:41  SCV  
  46  4:47  Terran Infantry Armor Level 1  
  46  4:53  SCV  
  47  5:14  Command Center  
  47  5:19  Planetary Fortress  
  47  5:22  SCV  
  47  5:26  Marine x2  
  50  5:34  SCV  
  51  5:42  Cyclone  
  54  5:46  SCV, Marine x2  
  57  5:59  SCV  
  57  6:00  SCV  
  59  6:11  SCV  
  60  6:13  SCV  
  60  6:17  Sensor Tower  
  61  6:23  SCV  
  61  6:25  SCV  
  63  6:33  Refinery  
  63  6:35  Terran Vehicle And Ship Armor Level 1, Marine x2  
  63  6:36  Refinery  
  63  6:37  SCV  
  66  6:41  Terran Infantry Weapons Level 2  
  66  6:47  Starport  
  66  6:49  SCV  
  66  6:52  Starport  
  66  6:53  Marine x2  
  69  7:01  SCV  
  70  7:02  Thor  
  70  7:07  Supply Depot  
  70  7:08  SCV  
  77  7:11  Marine x2  
  77  7:13  SCV  
  80  7:18  Planetary Fortress  
  80  7:25  SCV  
  80  7:27  Starport Reactor  
  80  7:28  Starport Reactor  
  80  7:29  Marine x2  
  83  7:31  Supply Depot  
  83  7:37  SCV  
  83  7:39  Barracks  
  83  7:41  Barracks  
  84  7:46  Marine  
  84  7:47  Marine  
  86  7:54  SCV  
  87  8:04  Marine x2  
  89  8:06  SCV  
  89  8:08  Thor  
  89  8:12  Supply Depot  
  96  8:18  SCV  
  97  8:22  Marine x2  
  99  8:29  Terran Ship Weapons Level 1  
  99  8:30  Barracks Reactor, SCV  
  100  8:36  Medivac x2, Barracks Tech Lab  
  100  8:40  Marine x2  
  106  8:42  Viking  
  106  8:43  SCV  
  109  8:52  Refinery  
  109  8:55  Refinery  
  109  8:56  Terran Infantry Armor Level 2  
  109  8:58  Supply Depot  
  109  9:10  Viking x2  
  109  9:11  SCV  
  109  9:12  Viking  
  116  9:20  Supply Depot, Medivac  
  116  9:22  Stimpack  
  116  9:23  SCV  
  119  9:33  Marine x2  
  119  9:34  Marine x3  
  119  9:35  SCV  
  125  9:46  Supply Depot  
  125  9:47  SCV  
  125  9:51  Marine x3  
  125  9:52  Marine x2  
  131  9:59  SCV  
  132  10:07  Thor  
  132  10:08  Supply Depot  
  132  10:09  Marine x3  
  132  10:11  SCV, Marine x2  
  134  10:23  SCV, Medivac  
  134  10:24  Medivac x3  
  134  10:27  Marine x3  
  146  10:28  Marine x2  
  146  10:31  Supply Depot  
  139  10:35  SCV  
  139  10:44  Marine  
  139  10:45  Marine x2  
  139  10:46  Marine x2  
  139  10:47  SCV  
  118  11:02  Marine  
  118  11:03  Marine  
  100  11:12  Marine x2  
  96  11:20  Marine  
  94  11:30  Marine x2  
  94  11:38  Marine  
Show
View Real Time Build Order
Export as new Build Order

ViBE Zerg - Winner!

Build Orders: Hatch First 

Get SALT Encoding   

  12  0:01  Drone  
  13  0:13  Overlord  
  13  0:20  Drone  
  14  0:33  Drone  
  14  0:34  Drone  
  16  0:43  Drone  
  17  0:54  Hatchery  
  16  1:06  Drone x2  
  18  1:13  Spawning Pool  
  18  1:15  Drone  
  18  1:20  Drone  
  19  1:29  Drone  
  20  1:35  Extractor  
  19  1:46  Drone  
  20  1:56  Drone  
  21  2:05  Queen  
  21  2:07  Queen  
  25  2:08  Overlord  
  25  2:10  Drone  
  26  2:20  Drone x2  
  28  2:24  Overlord  
  28  2:28  Drone  
  29  2:33  Drone  
  30  2:37  Spine Crawler  
  30  2:40  Drone  
  30  2:44  Drone  
  30  2:45  Lair  
  30  2:46  Queen  
  33  2:53  Overlord  
  33  3:01  Drone x2  
  35  3:08  Drone  
  36  3:14  Overlord  
  36  3:18  Drone x3  
  39  3:23  Roach Warren  
  39  3:25  Drone x4  
  39  3:26  Drone  
  43  3:37  Extractor  
  43  3:39  Extractor  
  43  3:40  Overlord  
  41  3:42  Drone  
  42  3:51  Drone x2  
  42  3:55  Drone x4  
  50  4:02  Roach  
  50  4:03  Roach x2  
  50  4:04  Roach  
  50  4:05  Hatchery  
  50  4:09  Glial Reconstitution  
  55  4:18  Drone, Evolution Chamber  
  55  4:21  Roach x3  
  63  4:24  Roach  
  63  4:30  Queen  
  65  4:48  Overlord  
  65  4:49  Overlord x2  
  65  4:50  Drone x3  
  68  4:57  Overlord  
  68  5:03  Overlord  
  68  5:07  Drone  
  68  5:08  Drone x5  
  74  5:17  Drone  
  75  5:28  Drone  
  75  5:29  Drone x2  
  78  5:40  Hatchery  
  78  5:41  Drone  
  78  5:42  Drone x8  
  86  5:47  Extractor  
  86  5:49  Extractor  
  84  5:54  Drone x2  
  84  5:55  Drone  
  87  5:57  Hydralisk Den  
  87  5:58  Evolution Chamber  
  87  6:03  Extractor  
  87  6:04  Drone x5  
  85  6:10  Drone  
  90  6:13  Drone  
  90  6:16  Drone  
  92  6:21  Drone x5  
  97  6:27  Drone x6  
  103  6:34  Overlord x2  
  103  6:38  Hatchery  
  102  6:40  Grooved Spines  
  102  6:43  Zerg Ground Armor Level 1, Zerg Missile Weapons Level 1  
  102  7:16  Drone  
  102  7:17  Drone x6  
  102  7:21  Extractor  
  108  7:23  Extractor  
  108  7:24  Overlord x4  
  108  7:25  Overlord x3  
  108  7:26  Hydralisk x10  
  127  7:34  Hatchery  
  126  7:48  Hydralisk x10  
  146  7:51  Muscular Augments  
  146  8:09  Overlord x2  
  146  8:14  Infestation Pit  
  146  8:16  Hydralisk x8  
  146  8:17  Hydralisk x8  
  177  9:01  Hive  
  177  9:13  Hydralisk x11  
  177  9:16  Drone  
  200  9:24  Zerg Ground Armor Level 2, Zerg Missile Weapons Level 2  
  200  9:35  Hatchery  
  200  9:36  Hatchery  
  198  9:39  Hatchery  
  181  10:39  Hydralisk x8  
  195  10:55  Hydralisk  
  195  10:56  Hydralisk x7  
  199  11:02  Hydralisk x9  
  199  11:05  Hydralisk x2  
  199  11:06  Hydralisk  
  199  11:10  Hydralisk  
  199  11:11  Hydralisk x2  
  194  11:17  Hydralisk x4  
  198  11:21  Hydralisk x3  
  198  11:23  Hydralisk  
  198  11:24  Hydralisk  
  196  11:30  Hydralisk x2  
  199  11:36  Hydralisk x4  
  167  12:00  Drone  
  167  12:01  Drone x21  
  167  13:35  Hatchery  
Tags
 
Add a new tag
Caveats
  • Supply blocks, unpowered buildings, or Contaminate may cause inaccurate times.
  • Supply counts are checked every 10 seconds.